 Dungeon Crawl Stone Soup version 0.16.2-12-gd0ad4c3 (webtiles) character file.

212 dvd the Chiller (level 5, -6/32 HPs)
             Began as an Octopode Ice Elementalist on Nov 1, 2015.
             Mangled by Grinder (10 damage)
             ... while paralysed by Grinder
             ... on level 4 of the Dungeon.
             The game lasted 00:15:32 (3966 turns).

dvd the Chiller (Octopode Ice Elementalist)         Turns: 3966, Time: 00:15:32

Health: -6/32      AC:  1    Str:  7    XL:     5   Next: 90%
Magic:  11/20      EV:  2    Int: 18    God:
Gold:   235        SH:  0    Dex: 13    Spells: 4 memorised, 0 levels left

rFire  . . .     SeeInvis .     (no weapon)
rCold  . . .     Clarity  .     (no shield)
rNeg   . . .     SustAb   .     (helmet restricted)
rPois  .         Gourm    .     (no amulet)
rElec  .         Spirit   .     g - ring of magical power
rCorr  .         Warding  .     i - ring of wizardry
rMut   .         Stasis   .     (no ring)
MR     .....                    (no ring)
Stlth  ++++......               (no ring)
                                (no ring)
                                (no ring)
                                (no ring)

@: paralysed, very slightly contaminated, not resistant to hostile enchantments,
stealthy
A: almost no armour, amphibious, 8 rings, constrict 8, camouflage 1, gelatinous
body 1
a: no special abilities


You were on level 4 of the Dungeon.
You were not hungry.

You visited 1 branch of the dungeon, and saw 4 of its levels.

You collected 235 gold pieces.

Inventory:

Hand weapons
 m - a +0 dagger of speed
 s - a +0 dagger of draining
 v - a cursed -2 hunting sling
Missiles
 r - 8 tomahawks (quivered)
Armour
 d - a +0 shield
Jewellery
 g - a ring of magical power (left tentacle)
 i - a ring of wizardry (right tentacle)
Scrolls
 e - 5 scrolls of identify {unknown}
 f - a scroll of fear {unknown}
 h - 2 scrolls of remove curse {unknown}
 q - a scroll of noise {unknown}
Potions
 a - 3 potions of lignification {unknown}
 k - 2 potions of cancellation {unknown}
 l - a potion of resistance {unknown}
 n - 2 potions of magic {unknown}
 o - a potion of heal wounds {unknown}
 p - 2 potions of might
 u - 2 potions of berserk rage {unknown}
Books
 b - a book of Frost

   Spells                             Type                      Level
   a - Freeze                         Ice                          1
   b - Throw Frost                    Conjuration/Ice              2
   c - Ozocubu's Armour               Charms/Ice                   3
   d - Throw Icicle                   Conjuration/Ice              4
   e - Summon Ice Beast               Ice/Summoning                4
   f - Condensation Shield            Ice                          4
Comestibles
 c - 2 bread rations
 j - 2 meat rations
 t - 3 chunks of flesh


   Skills:
 + Level 0.8 Fighting
 + Level 2.8 Dodging
 + Level 4.0 Stealth
 + Level 0.4 Unarmed Combat
 + Level 3.0 Spellcasting
 + Level 1.4 Conjurations
 + Level 1.4 Charms
 + Level 4.2 Ice Magic


You couldn't memorise any spells.
You knew the following spells:

 Your Spells              Type           Power        Failure   Level  Hunger
a - Freeze                Ice            ###.         1%          1    None
b - Throw Frost           Conj/Ice       ##....       4%          2    ##.....
c - Ozocubu's Armour      Chrm/Ice       ##......     7%          3    ###....
d - Condensation Shield   Ice            ###.......   14%         4    ####...


Dungeon Overview and Level Annotations

Branches:
Dungeon (4/15)
 Temple: D:4-7

Altars:
Sif Muna

Annotations:
D:4 Grinder


Innate Abilities, Weirdness & Mutations

You cannot wear most types of armour.
You are amphibious.
You can wear up to eight rings at the same time.
You can use your tentacles to constrict many enemies at once.
Your skin changes colour to match your surroundings (Stealth).
Your rubbery body absorbs attacks (AC +1).


Message History

Grinder gestures.
Grinder blinks!
You can move again.
Read which item? (? for menu, Esc to quit)
Okay, then.
Casting: Freeze
Confirm with . or Enter, or press ? or * to list all spells.
Aiming: Throw Frost
Press: ? - help, Shift-Dir - straight line, f/p - Grinder
Aim: Grinder (unusually strong)
The puff of frost hits Grinder.
Grinder completely resists.
You closely miss Grinder. Your grab misses Grinder. Grinder gestures at you.
You suddenly lose the ability to move!
Grinder hits you.
* * * LOW HITPOINT WARNING * * *
You writhe in agony.
* * * LOW HITPOINT WARNING * * *
Grinder hits you!
You die...

# ####### # #.....# ### #
#.....# #.# .<. #.....#
#.. .... #.....# #.#
..... #...รท.###.#
.......########.....#...#
.......5@................
.......########.....#....
..... #.....##### ....
#.......... ###
###........ #.....)..
#........ #........
#########


You could see Grinder.

Vanquished Creatures
  An orc wizard (D:3)
  Natasha (thrice) (D:3)
  5 adders
  A giant mite (D:1)
  2 worms
  4 giant geckos
  4 orcs
  9 bats
  6 giant cockroaches
  7 goblins
  10 hobgoblins
  7 jackals
  5 kobolds
  A quokka (D:3)
  7 giant newts
  9 rats
81 creatures vanquished.

Notes
Turn   | Place    | Note
--------------------------------------------------------------
     0 | D:1      | dvd, the Octopode Ice Elementalist, began the quest for the Orb.
     0 | D:1      | Reached XP level 1. HP: 11/11 MP: 3/3
    41 | D:1      | Reached XP level 2. HP: 10/17 MP: 1/4
   474 | D:1      | Learned a level 2 spell: Throw Frost
  1159 | D:1      | Reached XP level 3. HP: 18/21 MP: 6/6
  1167 | D:1      | Learned a level 3 spell: Ozocubu's Armour
  1807 | D:2      | Found a deep blue altar of Sif Muna.
  2040 | D:2      | Reached XP level 4. HP: 25/27 MP: 7/8
  2592 | D:3      | Noticed Natasha
  2717 | D:3      | Killed Natasha
  2717 | D:3      | Reached skill level 1 in Charms
  2717 | D:3      | Reached XP level 5. HP: 16/31 MP: 9/9
  2761 | D:3      | Noticed Natasha
  2764 | D:3      | Killed Natasha
  2764 | D:3      | Reached skill level 4 in Stealth
  3013 | D:3      | Noticed Natasha
  3022 | D:3      | Killed Natasha
  3876 | D:3      | Learned a level 4 spell: Condensation Shield
  3943 | D:4      | Noticed Grinder
  3944 | D:4      | Paralysed by Grinder for 6 turns
  3956 | D:4      | Paralysed by Grinder for 7 turns
  3964 | D:4      | Paralysed by Grinder for 6 turns
  3966 | D:4      | Mangled by Grinder

Action                   |  1- 3 |  4- 6 || total
-------------------------+-------+-------++-------
Melee: Unarmed           |    89 |   100 ||   189
 Cast: Freeze            |    20 |    15 ||    35
       Throw Frost       |     9 |    24 ||    33
       Ozocubu's Armour  |     9 |    17 ||    26
       Condensation Shie |       |     1 ||     1
 Stab: Sleeping          |     8 |     7 ||    15
  Eat: Chunk             |     5 |    10 ||    15
